[Event "November 21 Early 2023"]
[Site "https://www.chess.com"]
[Date "2023.11.21"]
[Round "4"]
[White "MKlose11"]
[Black "Ferreira, Vitor Hugo Vieira"]
[Result "0-1"]
[Board "114"]
[TimeControl "180+1"]
[BlackFideId "2119765"]
[WhiteElo "2662"]
[BlackElo "2123"]
[BlackTeam "BRA"]
[WhiteClock "0:00:03"]
[BlackClock "0:00:08"]

1. e4 c5 2. Nc3 d6 3. g3 g6 4. Bg2 Bg7 5. d3 Nc6 6. Be3 Rb8 7. Qd2 b5 8. Nge2 b4 9. Nd1 Nd4 10. O-O h5 11. h3 Bd7 12. f4 Qc8 13. Kh2 h4 14. g4 Nf6 15. f5 Nxe2 16. Qxe2 gxf5 17. exf5 Bc6 18. Rb1 Nd7 19. Bf4 Be5 20. Ne3 Bxg2 21. Qxg2 Qb7 22. Qe2 Bxf4+ 23. Rxf4 Ne5 24. Nc4 f6 25. g5 fxg5 26. Re4 Nxc4 27. dxc4 Rh7 28. Re1 Kf8 29. Re6 d5 30. Qg4 Qc7+ 31. R1e5 Rb6 32. Qxg5 Rg7 33. Qf4 dxc4 34. f6 Rf7 35. fxe7+ Qxe7 36. Qh6+ Kg8 37. Qg6+ Rg7 38. Qxg7+ Qxg7 39. Re8+ Kh7 40. R8e7 Rd6 41. Rxg7+ Kxg7 42. Rxc5 Rd2+ 43. Kg1 Rxc2 44. Rc7+ Kf6 45. Rxa7 Ke5 46. Rc7 b3 47. axb3 cxb3 48. Rb7 Rxb2 49. Rb4 Kd5 50. Kf1 Kc5 51. Rxh4 Rc2 52. Rh5+ Kc4 53. Rh4+ Kc3 54. Rh8 b2 55. Rb8 Rc1+ 56. Kf2 b1=Q 57. Rxb1 Rxb1 58. Ke3 Rh1 0-1

[Event "November 21 Early 2023"]
[Site "https://www.chess.com"]
[Date "2023.11.21"]
[Round "4"]
[White "Silva Lucena, Cristian"]
[Black "Arslanov, Shamil"]
[Result "0-1"]
[Board "115"]
[TimeControl "180+1"]
[WhiteFideId "2232588"]
[BlackFideId "4192826"]
[WhiteElo "2248"]
[BlackElo "2326"]
[WhiteTeam "ESP"]
[BlackTeam "RUS"]
[WhiteClock "0:00:00"]
[BlackClock "0:00:05"]

1. e4 d6 2. d4 e5 3. Nf3 Bg4 4. dxe5 Nc6 5. exd6 Bxd6 6. Be2 Qe7 7. Nbd2 O-O-O 8. c3 Nf6 9. Qc2 Kb8 10. h3 h5 11. hxg4 hxg4 12. Rxh8 Rxh8 13. Nd4 Rh1+ 14. Bf1 Nxd4 15. cxd4 Bb4 16. e5 Nd7 17. Qe4 c5 18. a3 Ba5 19. b4 cxb4 20. axb4 Bxb4 21. Rb1 a5 22. Qxg4 Nxe5 23. dxe5 Qxe5+ 24. Qe2 Qc3 25. Qe8+ Kc7 26. Qxf7+ Kb8 27. Qe8+ Kc7 28. Qe3 Qc2 29. Qe5+ Kc8 30. Qe6+ Kc7 31. Qe5+ Kc8 32. Qe8+ Kc7 33. Qf7+ Kc8 34. Rxb4 Qxc1+ 35. Ke2 axb4 36. Qf8+ Kc7 37. Qxg7+ Kb6 38. Qf6+ Kb5 39. Qe5+ Ka4 40. Qd5 Qc6 41. Qa2+ Kb5 42. Ke3+ Kc5 43. Qc4+ Kd6 44. Ne4+ Kc7 45. Qf7+ Kb6 46. Bd3 Rc1 47. Qb3 Ka5 48. Qa2+ Kb6 49. Qb3 Ka5 50. Qa2+ Qa4 51. Qb2 Rc6 52. Qe5+ Kb6 53. Nd6 Qa3 54. Nc4+ Rxc4 55. Qd6+ Rc6 56. Qd8+ Ka7 57. Qd4+ Rb6 58. Qc5 Qa4 59. g4 b3 60. g5 b2 61. g6 Qb4 62. Qc2 b1=Q 63. Qxb1 Qc5+ 64. Kd2 Rxb1 65. Bxb1 Qg5+ 0-1

[Event "November 21 Early 2023"]
[Site "https://www.chess.com"]
[Date "2023.11.21"]
[Round "4"]
[White "Tasev, Dejan"]
[Black "Cruz Mendez, Jean Marco"]
[Result "0-1"]
[Board "116"]
[TimeControl "180+1"]
[WhiteFideId "936618"]
[BlackFideId "3526402"]
[WhiteElo "2248"]
[BlackElo "2064"]
[WhiteTeam "SRB"]
[BlackTeam "CUB"]
[WhiteClock "0:00:36"]
[BlackClock "0:00:14"]

1. e4 e5 2. Nf3 Nc6 3. Bc4 Nf6 4. d3 Bc5 5. Nc3 h6 6. Be3 d6 7. h3 Bb6 8. Bb3 Be6 9. Qd2 Qe7 10. O-O-O O-O-O 11. d4 exd4 12. Nxd4 Nxd4 13. Bxd4 Bxb3 14. Bxf6 Qxf6 15. axb3 Qxf2 16. Rhf1 Qxd2+ 17. Kxd2 f6 18. Nd5 Rhe8 19. Rde1 Kd7 20. Kd3 c6 21. Nf4 Bc7 22. Ne2 a6 23. Nd4 Kc8 24. Nf5 Rd7 25. Re2 d5 26. Rfe1 dxe4+ 27. Kc4 Re5 28. g4 g6 29. Ne3 b5+ 30. Kc3 Rc5+ 31. Kb4 Bd6 32. Ka5 Kb7 33. Rd1 Bc7+ 34. Kb4 Rxd1 35. Nxd1 Rd5 36. Ne3 Re5 37. c4 f5 38. gxf5 gxf5 39. Ng2 a5+ 40. Kc3 b4+ 41. Kd4 c5+ 42. Ke3 Re7 43. Nf4 Bxf4+ 44. Kxf4 Rf7 45. Rd2 Kc6 46. Rd5 Rf6 47. h4 Rf7 48. h5 Rf6 49. Rd8 Rd6 50. Rc8+ Kb6 51. Rg8 Kc6 52. Kxf5 e3 53. Re8 Rd2 54. Rxe3 Rxb2 55. Re6+ Kb7 56. Rxh6 Rxb3 57. Rg6 Rh3 58. h6 a4 59. Ke5 a3 60. Rg7+ Kb6 61. h7 a2 62. Rg6+ Ka5 63. Rg8 a1=Q+ 64. Kd5 Qd4+ 65. Kc6 Rh6+ 0-1

[Event "November 21 Early 2023"]
[Site "https://www.chess.com"]
[Date "2023.11.21"]
[Round "4"]
[White "Wadsworth, Matthew J"]
[Black "Saravana, Krishnan P."]
[Result "0-1"]
[Board "117"]
[TimeControl "180+1"]
[WhiteFideId "415804"]
[BlackFideId "5018382"]
[WhiteElo "2266"]
[BlackElo "2167"]
[WhiteTeam "ENG"]
[BlackTeam "IND"]
[WhiteClock "0:00:00"]
[BlackClock "0:00:51"]

1. e4 c6 2. d4 d5 3. exd5 cxd5 4. Bd3 Nf6 5. c3 Bg4 6. Qb3 Qc7 7. h3 Bh5 8. Ne2 Bxe2 9. Bxe2 e6 10. Nd2 Nc6 11. Nf3 Bd6 12. O-O O-O 13. Re1 Ne4 14. Bd3 f5 15. Bd2 a6 16. c4 Nxd2 17. Nxd2 Nxd4 18. Qc3 Be5 19. Rxe5 Qxe5 20. Kf1 Nc6 21. Qb3 Na5 22. Qb4 Nxc4 23. Nxc4 dxc4 24. Bxc4 Rfe8 25. Re1 Qc7 26. Bxe6+ Kh8 27. Bxf5 Rxe1+ 28. Qxe1 Rf8 29. Kg1 Qf7 30. Be4 Re8 31. f3 Qxa2 32. Qc3 Qf7 33. Qb4 b5 34. Qa5 Qa7+ 35. Kh2 h6 36. h4 Qe7 37. Kh3 Qe6+ 38. Kh2 Rf8 39. Qc7 Qf6 40. Kh3 Qxb2 41. Qd6 Qf6 42. Qc7 b4 43. Qb7 Qe6+ 44. g4 b3 45. Kg3 Qe5+ 46. Kh3 b2 47. Qb4 Rb8 0-1

[Event "November 21 Early 2023"]
[Site "https://www.chess.com"]
[Date "2023.11.21"]
[Round "4"]
[White "Mejia, Giovanni"]
[Black "Shishkov, Andrei"]
[Result "1/2-1/2"]
[Board "118"]
[TimeControl "180+1"]
[WhiteFideId "5209498"]
[BlackFideId "4500563"]
[WhiteElo "2075"]
[BlackElo "2241"]
[WhiteTeam "PHI"]
[BlackTeam "EST"]
[WhiteClock "0:00:06"]
[BlackClock "0:00:13"]

1. e4 d5 2. exd5 Nf6 3. Bb5+ Bd7 4. Be2 Nxd5 5. d4 Bf5 6. Nf3 e6 7. O-O Be7 8. a3 O-O 9. c4 Nf6 10. Nc3 Ne4 11. Qb3 b6 12. Be3 Nc6 13. Rad1 Na5 14. Qa2 Nxc3 15. bxc3 Qd7 16. Ne5 Qa4 17. Ra1 Qb3 18. Qxb3 Nxb3 19. Ra2 Na5 20. Rd1 f6 21. Nf3 Rfd8 22. a4 Rd7 23. Rad2 Rad8 24. d5 Nb3 25. Rb2 Nc5 26. Nd4 Nxa4 27. Rb3 Nc5 28. Rb2 Be4 29. Nc6 Ra8 30. f3 Bg6 31. Nxe7+ Rxe7 32. Bxc5 bxc5 33. Ra1 Bf7 34. dxe6 Bxe6 35. Bf1 Kf7 36. Ra5 Rd8 37. Rxa7 Rd1 38. Kf2 Rc1 39. Rbb7 Rxc3 40. Rxc7 Rc2+ 41. Ke3 Rxc7 42. Rxc7+ Kf8 43. Rxc5 Rc1 44. Be2 Rh1 45. h3 Rc1 46. Rc7 Rc3+ 47. Kd2 Ra3 48. c5 Ra2+ 49. Ke3 Ra3+ 50. Kf2 Ra2 51. Ke3 Ra3+ 52. Kd4 Ra4+ 53. Ke3 Ra3+ 1/2-1/2

[Event "November 21 Early 2023"]
[Site "https://www.chess.com"]
[Date "2023.11.21"]
[Round "4"]
[White "Manukian, Artak"]
[Black "Weisz, Bryan"]
[Result "0-1"]
[Board "119"]
[TimeControl "180+1"]
[WhiteFideId "13301373"]
[BlackFideId "30934133"]
[WhiteElo "2030"]
[BlackElo "2437"]
[WhiteTeam "ARM"]
[BlackTeam "USA"]
[WhiteClock "0:00:08"]
[BlackClock "0:00:08"]

1. e4 c5 2. Nf3 Nc6 3. c3 d5 4. exd5 Qxd5 5. d4 cxd4 6. cxd4 Nf6 7. Nc3 Qa5 8. d5 Nb4 9. Bb5+ Bd7 10. Bxd7+ Nxd7 11. O-O g6 12. a3 Bg7 13. Re1 Bxc3 14. bxc3 Nxd5 15. Bh6 N7b6 16. Qd4 Qxc3 17. Qh4 f6 18. Rad1 Kf7 19. Qe4 Qc6 20. Nd4 Qd7 21. h4 Nc3 22. Qc2 Nxd1 23. Rxd1 Rhd8 24. h5 e5 25. Be3 exd4 26. Rxd4 Qe6 27. hxg6+ hxg6 28. Rh4 Rh8 29. Re4 Rac8 30. Qb1 Qd5 31. f3 Rhe8 32. Rd4 Qe6 33. Rd3 Nd5 34. Bd2 Ne7 35. Qxb7 Rcd8 36. Re3 Qd7 37. Qb3+ Qd5 38. Bb4 Qxb3 39. Rxb3 Nd5 40. Kf2 Nxb4 41. axb4 Rb8 42. Ra3 Re7 43. Rxa7 Rxa7 0-1

[Event "November 21 Early 2023"]
[Site "https://www.chess.com"]
[Date "2023.11.21"]
[Round "4"]
[White "Andriasian, Zaven"]
[Black "Srebrnic, Marko"]
[Result "0-1"]
[Board "120"]
[TimeControl "180+1"]
[WhiteFideId "13302000"]
[BlackFideId "14603616"]
[WhiteElo "2624"]
[BlackElo "2322"]
[WhiteTeam "ARM"]
[BlackTeam "SLO"]
[WhiteClock "0:01:31"]
[BlackClock "0:00:12"]

1. e4 c5 2. Nc3 Nc6 3. Bb5 Nd4 4. Nf3 Nxb5 5. Nxb5 a6 6. Nc3 e6 7. O-O b5 8. d4 cxd4 9. Qxd4 Qc7 10. Rd1 Bb7 11. Bg5 f6 12. Bh4 Bc5 13. Qd3 d6 14. Bg3 e5 15. a3 Rd8 16. b4 Bb6 17. a4 bxa4 18. Nxa4 Ne7 19. c4 O-O 20. h3 f5 21. Ng5 fxe4 22. Nxe4 Nf5 23. Nxb6 Qxb6 24. c5 Qxb4 25. Nxd6 Nxd6 26. cxd6 e4 27. Qe3 Qc4 28. Rac1 Qe6 29. Rc7 Rd7 30. Rdc1 Rff7 31. Kh2 h6 32. R7c5 Rf5 33. Rxf5 Qxf5 34. Rc5 Qf6 35. Rc7 Qe6 36. Qa7 Rxc7 37. dxc7 Bc8 38. Qa8 Kh7 39. Qa7 Qd7 40. Qe3 Qe6 41. h4 Bd7 42. Qxe4+ Qxe4 43. f3 Qe6 44. Bf4 Bc8 45. g4 a5 46. Kg3 a4 47. h5 a3 48. g5 hxg5 49. Bxg5 Qf5 50. f4 Bd7 51. Kf2 Bc8 52. h6 Bd7 53. hxg7 Kxg7 54. Be7 Bc8 55. Bd6 a2 56. Be5+ Qxe5 57. fxe5 a1=Q 58. e6 Qf6+ 59. Kg3 Qxe6 60. Kf4 Qd6+ 61. Kg5 Qxc7 62. Kh5 Qe5+ 63. Kh4 Qf4+ 64. Kh5 Qg4# 0-1

[Event "November 21 Early 2023"]
[Site "https://www.chess.com"]
[Date "2023.11.21"]
[Round "4"]
[White "Manukyan, Sargis A."]
[Black "Kubatko, Ivan"]
[Result "1-0"]
[Board "121"]
[TimeControl "180+1"]
[WhiteFideId "13303970"]
[BlackFideId "24111473"]
[WhiteElo "2204"]
[BlackElo "2285"]
[WhiteTeam "ARM"]
[BlackTeam "RUS"]
[WhiteClock "0:00:23"]
[BlackClock "0:00:04"]

1. d4 d5 2. c4 e6 3. Nc3 c5 4. cxd5 cxd4 5. Qxd4 Nc6 6. Qd1 exd5 7. e3 Nf6 8. Nf3 Bd6 9. Be2 O-O 10. O-O a6 11. a3 Bc7 12. b4 Qd6 13. Bb2 Bg4 14. g3 Rfe8 15. Nd4 Bh3 16. Re1 Ne5 17. Rc1 Nc4 18. Rc2 b5 19. Ncxb5 axb5 20. Nxb5 Qc6 21. Nxc7 Qxc7 22. Bxf6 gxf6 23. Rc1 Qe5 24. Bg4 Bxg4 25. Qxg4+ Qg5 26. Qf3 Rxa3 27. Rcd1 Re5 28. Rd4 Nd6 29. Rg4 Ne4 30. Rxg5+ fxg5 31. Rc1 Kg7 32. b5 Ra2 33. b6 Rb2 34. Rc7 Rxf2 35. Rxf7+ Kg6 36. Qxf2 Nxf2 37. Rxf2 Rxe3 38. Rb2 Re8 39. b7 Rb8 40. Kf2 Kf5 41. Ke3 Ke5 42. Kd3 g4 43. Rb1 h5 44. Rb2 Kd6 45. Kd4 Kc6 46. Rb3 Kd6 47. Rb6+ Kc7 48. Kc5 d4 49. Rb2 Rxb7 50. Rxb7+ Kxb7 51. Kxd4 Kc6 52. Ke5 Kc5 53. Kf5 Kd4 54. Kg5 Ke3 55. Kxh5 Kf3 56. Kh4 1-0

[Event "November 21 Early 2023"]
[Site "https://www.chess.com"]
[Date "2023.11.21"]
[Round "4"]
[White "GatoRojo150"]
[Black "Haitin, Ilja"]
[Result "1-0"]
[Board "122"]
[TimeControl "180+1"]
[BlackFideId "4501764"]
[WhiteElo "2577"]
[BlackElo "2221"]
[BlackTeam "EST"]
[WhiteClock "0:00:11"]
[BlackClock "0:00:00"]

1. e4 e5 2. Nf3 Nc6 3. Nc3 d6 4. d4 exd4 5. Nxd4 g6 6. Bb5 Bd7 7. O-O Bg7 8. Bxc6 bxc6 9. Be3 Ne7 10. Qd2 O-O 11. Bh6 c5 12. Bxg7 Kxg7 13. Nde2 Nc6 14. f4 Re8 15. Ng3 Nd4 16. f5 Qh4 17. Nd5 Rac8 18. c3 Nc6 19. Rf4 Qg5 20. Qf2 Ne5 21. h4 Qh6 22. Rf1 Bb5 23. fxg6 hxg6 24. Rxf7+ Nxf7 25. Qf6+ Kg8 26. Qxf7+ Kh8 27. Nf6 Qg7 28. Qxg7+ Kxg7 29. Nxe8+ Rxe8 30. Rf4 Bc4 31. b3 Be6 32. h5 a5 33. hxg6 Kxg6 34. Rh4 a4 35. bxa4 Ra8 36. e5 d5 37. Rf4 Bd7 38. Rf6+ Kg7 39. Nh5+ Kg8 40. Rg6+ Kf7 41. Rg7+ Ke6 42. Nf4+ Kxe5 43. Nxd5 Kxd5 44. Rxd7+ Kc4 45. Rxc7 Rxa4 46. g4 Kxc3 47. Rxc5+ Kb2 48. g5 Rg4+ 49. Kf2 Kxa2 50. Kf3 Rg1 51. Rc2+ Kb3 52. Rg2 Rf1+ 53. Kg4 Kc4 54. g6 Rf8 55. Kg5 Kd5 56. g7 1-0

[Event "November 21 Early 2023"]
[Site "https://www.chess.com"]
[Date "2023.11.21"]
[Round "4"]
[White "Zaksaite, Salomeja"]
[Black "Suleymanli, Suleyman"]
[Result "0-1"]
[Board "123"]
[TimeControl "180+1"]
[WhiteFideId "12801496"]
[BlackFideId "13416375"]
[WhiteElo "2065"]
[BlackElo "2219"]
[WhiteTeam "LTU"]
[BlackTeam "AZE"]
[WhiteClock "0:00:00"]
[BlackClock "0:01:48"]

1. e4 e6 2. d4 d5 3. Nc3 Bb4 4. Ne2 dxe4 5. a3 Be7 6. Nxe4 Nf6 7. Nxf6+ Bxf6 8. Be3 b6 9. Qd2 Bb7 10. O-O-O Nd7 11. Rg1 O-O 12. g4 Be7 13. g5 c5 14. h4 cxd4 15. Nxd4 Ne5 16. f4 Nf3 17. Nxf3 Bxf3 18. Qxd8 Rfxd8 19. Rxd8+ Rxd8 20. Bd3 f5 21. Re1 Kf7 22. Bd2 h6 23. Bc3 hxg5 24. hxg5 Bd5 25. g6+ Kxg6 26. Rg1+ Kh6 27. Bxg7+ Kh7 28. Be5 Rg8 29. Rxg8 Kxg8 30. c4 Bc6 31. Bb8 a5 32. Kd2 Kf7 33. Be5 Ke8 34. Kc3 a4 35. Bd4 Bc5 36. Bxc5 bxc5 37. b4 axb3 38. Kxb3 Kd7 39. a4 Kd6 40. a5 e5 41. fxe5+ Kxe5 42. a6 f4 43. Kc3 f3 44. Kd2 Kd4 45. Bf1 Ke4 46. Bh3 Kf4 47. Ke1 Kg3 48. Bf1 Be4 0-1

[Event "November 21 Early 2023"]
[Site "https://www.chess.com"]
[Date "2023.11.21"]
[Round "4"]
[White "Koridze, Lile"]
[Black "Pham, Le Thao Nguyen"]
[Result "0-1"]
[Board "124"]
[TimeControl "180+1"]
[WhiteFideId "13612514"]
[BlackFideId "12401226"]
[WhiteElo "2061"]
[BlackElo "2261"]
[WhiteTeam "GEO"]
[BlackTeam "VIE"]
[WhiteClock "0:01:07"]
[BlackClock "0:00:59"]

1. d4 d5 2. c4 c6 3. Nf3 Nf6 4. e3 Bg4 5. Nc3 e6 6. Be2 Nbd7 7. h3 Bh5 8. Qb3 Qb6 9. c5 Qxb3 10. axb3 a6 11. g4 Bg6 12. Nh4 Rc8 13. b4 Be7 14. Nxg6 hxg6 15. f4 Ne4 16. Bd3 Bh4+ 17. Kd1 Nf2+ 0-1

[Event "November 21 Early 2023"]
[Site "https://www.chess.com"]
[Date "2023.11.21"]
[Round "4"]
[White "Herzog2012"]
[Black "Silvestre, Christian"]
[Result "1-0"]
[Board "125"]
[TimeControl "180+1"]
[BlackFideId "30956269"]
[WhiteElo "2551"]
[BlackElo "2341"]
[BlackTeam "USA"]
[WhiteClock "0:00:29"]
[BlackClock "0:00:11"]

1. e4 c5 2. Nf3 a6 3. Nc3 e6 4. d4 cxd4 5. Nxd4 Qc7 6. Be3 Nf6 7. Bd3 Nc6 8. Nxc6 dxc6 9. O-O e5 10. h3 h6 11. f4 Bd6 12. f5 b6 13. a4 a5 14. Qf3 Bb7 15. Qf2 Nd7 16. Bc4 Bc5 17. Bxc5 Nxc5 18. f6 g6 19. Rad1 Ba6 20. Bxa6 Nxa6 21. Qe3 Nc5 22. Rd2 Rd8 23. Rfd1 Rxd2 24. Qxd2 Ne6 25. Ne2 g5 26. Ng3 O-O 27. Nf5 Kh7 28. Qc3 Nf4 29. Kh2 Kg6 30. g3 Ne6 31. Qf3 Kxf6 32. Qh5 Nf4 33. gxf4 exf4 34. Qxh6+ Ke5 35. Qxf8 Kxe4 36. Qd6 Qxd6 37. Nxd6+ Kf3 38. Nxf7 g4 39. hxg4 Kxg4 40. Ne5+ Kh4 41. Nxc6 f3 42. Nd4 f2 43. Kg2 f1=Q+ 44. Rxf1 Kg4 45. Nb5 Kh4 46. Kf3 Kg5 47. Kg3 Kg6 48. Kg4 Kg7 49. Kg5 Kg8 50. Kg6 Kh8 51. Rf8# 1-0

[Event "November 21 Early 2023"]
[Site "https://www.chess.com"]
[Date "2023.11.21"]
[Round "4"]
[White "Jovic, Stanoje"]
[Black "Bobomurodova, Maftuna"]
[Result "0-1"]
[Board "126"]
[TimeControl "180+1"]
[WhiteFideId "905020"]
[BlackFideId "14207400"]
[WhiteElo "2249"]
[BlackElo "1814"]
[WhiteTeam "SRB"]
[BlackTeam "UZB"]
[WhiteClock "0:00:00"]
[BlackClock "0:00:52"]

1. c4 e5 2. g3 d6 3. Bg2 g6 4. d4 Bg7 5. dxe5 dxe5 6. Qxd8+ Kxd8 7. Nc3 c6 8. h4 Be6 9. b3 Nd7 10. h5 f5 11. h6 Bf6 12. Bb2 Ne7 13. O-O-O Kc7 14. e4 Rad8 15. f4 Nc5 16. fxe5 Bg5+ 17. Kc2 Rxd1 18. Kxd1 Rd8+ 19. Kc2 Rd2+ 20. Kb1 Rxg2 21. Nf3 Rxg3 22. Nxg5 Rxg5 23. Nd5+ cxd5 24. exd5 f4 25. d6+ Kd7 26. dxe7 Kxe7 27. Bd4 b6 28. b4 Bf5+ 29. Ka1 Ne6 30. Bf2 Rg2 31. Bh4+ g5 32. Be1 f3 33. Rf1 g4 34. c5 bxc5 35. bxc5 Nd4 36. Bc3 Nc2+ 0-1

[Event "November 21 Early 2023"]
[Site "https://www.chess.com"]
[Date "2023.11.21"]
[Round "4"]
[White "elmusmolamas"]
[Black "Kornyukov, Alexey"]
[Result "1-0"]
[Board "127"]
[TimeControl "180+1"]
[BlackFideId "4150457"]
[WhiteElo "2549"]
[BlackElo "2352"]
[BlackTeam "RUS"]
[WhiteClock "0:00:16"]
[BlackClock "0:00:28"]

1. e4 c5 2. Nf3 Nc6 3. d4 cxd4 4. Nxd4 e5 5. Ne2 Nf6 6. Nbc3 Bb4 7. a3 Bxc3+ 8. Nxc3 h6 9. Bc4 O-O 10. O-O d6 11. Qe2 Nd4 12. Qd3 a6 13. Be3 b5 14. Bd5 Nxd5 15. Nxd5 Ne6 16. a4 Bd7 17. a5 Bc6 18. c3 Nc5 19. Bxc5 dxc5 20. Rfd1 c4 21. Qe3 Bxd5 22. Rxd5 Qc7 23. Qc5 Qxc5 24. Rxc5 f6 25. Rd1 Rfd8 26. Rcd5 Rxd5 27. Rxd5 Kf7 28. Kf1 Ke6 29. Ke2 Rc8 30. f3 Rb8 31. Kd2 Rb7 32. Kc2 Rd7 33. Rc5 Rd3 34. Rc6+ Rd6 35. Rc7 Rd7 36. Rc8 Ke7 37. Ra8 Rd6 38. Ra7+ Kf8 39. Rc7 Kg8 40. Rb7 Rd8 41. h4 Kf8 42. h5 Ra8 43. b3 cxb3+ 44. Kxb3 Rc8 45. Rb6 Ra8 46. Kb4 Kf7 47. Rc6 Ke7 48. Rc7+ Kf8 49. Kc5 Rd8 50. Kb6 Rd6+ 51. Rc6 Rxc6+ 52. Kxc6 Ke7 53. Kb6 Kd6 54. Kxa6 Kc6 55. g3 Kc5 56. Kb7 Kc4 57. Kb6 Kxc3 58. Kxb5 Kd3 59. a6 Ke3 60. a7 Kxf3 61. a8=Q Kxg3 62. Kc4 Kh4 63. Qe8 Kg5 64. Qg6+ Kh4 65. Kd3 Kh3 66. Ke2 Kh2 67. Kf2 Kh3 68. Qg3# 1-0

[Event "November 21 Early 2023"]
[Site "https://www.chess.com"]
[Date "2023.11.21"]
[Round "4"]
[White "Daniel_Salinas"]
[Black "Vasquez Schroeder, Rodrigo"]
[Result "0-1"]
[Board "130"]
[TimeControl "180+1"]
[BlackFideId "3400042"]
[WhiteElo "2425"]
[BlackElo "2582"]
[BlackTeam "CHI"]
[WhiteClock "0:00:00"]
[BlackClock "0:01:14"]

1. d4 Nf6 2. c4 g6 3. Nf3 Bg7 4. g3 O-O 5. Bg2 d6 6. O-O Nbd7 7. Nc3 e5 8. Qc2 exd4 9. Nxd4 Re8 10. Rd1 a5 11. b3 Nc5 12. Bb2 c6 13. h3 Qb6 14. e4 a4 15. Rab1 axb3 16. axb3 Nfd7 17. Bc1 Na6 18. Be3 Nb4 19. Qd2 Nc5 20. Nc2 Nxc2 21. Qxc2 Qb4 22. Bd4 Bf8 23. h4 h5 24. Ne2 Bg4 25. f3 Bd7 26. Nf4 Ra3 27. Nd3 Nxd3 28. Rxd3 Rea8 29. Bc3 Qb6+ 30. Bd4 Qd8 31. Bb2 Ra2 32. Qc3 f6 33. Rbd1 Kf7 34. Rxd6 Bxd6 35. Rxd6 Rxb2 36. Qxb2 Qb6+ 37. Kh2 Be6 38. Bh3 Re8 39. Bxe6+ Rxe6 40. Rd7+ Re7 41. Rd2 Qe3 42. Kg2 g5 43. hxg5 Qxg5 44. Qd4 h4 45. g4 Qf4 46. Qf2 Kg6 47. Rd8 h3+ 48. Kf1 Qc1+ 49. Qe1 h2 0-1

[Event "November 21 Early 2023"]
[Site "https://www.chess.com"]
[Date "2023.11.21"]
[Round "4"]
[White "Sadubayev, Airat"]
[Black "Zoete, Roelant"]
[Result "1-0"]
[Board "131"]
[TimeControl "180+1"]
[WhiteFideId "13713264"]
[BlackFideId "40103269"]
[WhiteElo "2137"]
[BlackElo "2425"]
[WhiteTeam "KAZ"]
[BlackTeam "NED"]
[WhiteClock "0:00:12"]
[BlackClock "0:00:22"]

1. d4 d5 2. c4 e6 3. Nf3 Nf6 4. Nc3 Be7 5. Bf4 O-O 6. e3 b6 7. cxd5 exd5 8. Bd3 Bb7 9. O-O c5 10. dxc5 bxc5 11. Bc2 Nc6 12. a3 Rc8 13. Qe2 Bd6 14. Bg5 Ne5 15. Rfd1 h6 16. Bxf6 Qxf6 17. Nxd5 Bxd5 18. Rxd5 Nxf3+ 19. Qxf3 Qxb2 20. Qd1 Bb8 21. Rb1 Qxa3 22. Rb3 Qa5 23. g3 Rfd8 24. Qd3 Rxd5 25. Qxd5 Qa1+ 26. Kg2 Qe5 27. Qd3 g6 28. Qd7 Qc7 29. Qd5 a5 30. Rb7 Qc6 31. Qxc6 Rxc6 32. Rxb8+ Kg7 33. Ra8 c4 34. Rxa5 c3 35. Ra3 Rc5 36. Kf3 Kf6 37. Ke2 Ke5 38. Kd3 Rb5 39. Rxc3 Rb2 40. f4+ Kf5 41. Rc5+ Kg4 42. Bd1+ Kh3 43. Rc2 Rxc2 44. Kxc2 Kxh2 45. g4 Kg3 46. Kd3 h5 47. gxh5 gxh5 48. Bxh5 Kh4 49. Bxf7 Kg4 50. Kd4 Kf5 51. Bd5 Kf6 52. e4 Ke7 53. e5 Kf8 54. Ke4 Ke7 55. f5 Kf8 56. e6 Ke7 57. Ke5 Kf8 58. f6 Ke8 59. Bc6+ Kf8 60. e7+ Kf7 61. e8=Q# 1-0

[Event "November 21 Early 2023"]
[Site "https://www.chess.com"]
[Date "2023.11.21"]
[Round "4"]
[White "Avalos Parra, Joao"]
[Black "Sattarov, Bobir"]
[Result "0-1"]
[Board "132"]
[TimeControl "180+1"]
[WhiteFideId "3402541"]
[BlackFideId "14203081"]
[WhiteElo "2173"]
[BlackElo "2351"]
[WhiteTeam "CHI"]
[BlackTeam "UZB"]
[WhiteClock "0:02:38"]
[BlackClock "0:02:29"]

1. d4 Nf6 2. c4 c5 3. d5 g6 4. Nc3 Bg7 5. Nf3 d6 6. h3 O-O 7. e4 e6 8. Be2 exd5 9. exd5 Bf5 10. O-O Ne4 11. Nxe4 Bxe4 12. Nd2 Re8 13. Qb3 Bxg2 14. Kxg2 Rxe2 15. Qxb7 Nd7 16. Nf3 Ne5 17. Bf4 Nxf3 18. Kxf3 Rxb2 19. Qc6 Rb6 20. Qa4 Bxa1 21. Rxa1 Qf6 22. Kg3 Qxa1 0-1

[Event "November 21 Early 2023"]
[Site "https://www.chess.com"]
[Date "2023.11.21"]
[Round "4"]
[White "Poormosavi, Seyed Kian"]
[Black "Gutkin, Ilya"]
[Result "0-1"]
[Board "133"]
[TimeControl "180+1"]
[WhiteFideId "12585807"]
[BlackFideId "16203470"]
[WhiteElo "2296"]
[BlackElo "2248"]
[WhiteTeam "IRI"]
[BlackTeam "GER"]
[WhiteClock "0:00:08"]
[BlackClock "0:00:12"]

1. Nf3 d5 2. g3 c6 3. Bg2 Nf6 4. O-O Bf5 5. d3 e6 6. Nh4 Bd6 7. Nxf5 exf5 8. e3 Nbd7 9. c4 dxc4 10. dxc4 Qe7 11. Nc3 O-O 12. Qc2 g6 13. b3 Rad8 14. Bb2 Be5 15. Rfd1 Nc5 16. Ba3 Nfd7 17. Rab1 Qf6 18. Na4 b6 19. b4 Ne4 20. Bxe4 fxe4 21. Qxe4 Rfe8 22. Qc2 Bc7 23. Bb2 Be5 24. Nc3 Qf3 25. Rd3 Bf6 26. Rbd1 Ne5 27. Rxd8 Rxd8 28. Rxd8+ Bxd8 29. Ne4 Qf5 30. Bxe5 Qxe5 31. Qd3 Be7 32. a3 Kg7 33. Qd4 Bf6 34. Nxf6 Kxf6 35. Qxe5+ Kxe5 36. f3 b5 37. cxb5 cxb5 38. Kf2 Kd5 39. g4 Kc4 40. e4 Kb3 41. f4 Kxa3 42. e5 Kxb4 43. f5 Kc5 44. e6 fxe6 45. f6 Kd6 46. g5 e5 47. Ke3 b4 48. h4 a5 49. Kd3 a4 50. Kc4 a3 51. Kb3 e4 52. Kc2 Ke6 53. Kb3 Kf7 54. Kc2 e3 55. Kd3 a2 0-1

[Event "November 21 Early 2023"]
[Site "https://www.chess.com"]
[Date "2023.11.21"]
[Round "4"]
[White "Rios Escobar, Adan"]
[Black "GaiozNigalidze"]
[Result "0-1"]
[Board "134"]
[TimeControl "180+1"]
[WhiteFideId "3403645"]
[WhiteElo "2423"]
[BlackElo "2665"]
[WhiteTeam "CHI"]
[WhiteClock "0:00:01"]
[BlackClock "0:01:01"]

1. d4 Nf6 2. g3 g6 3. Bg2 Bg7 4. e4 d6 5. Ne2 O-O 6. O-O e5 7. Nbc3 a6 8. a4 Bg4 9. h3 Bxe2 10. Nxe2 Nc6 11. Be3 Re8 12. d5 Ne7 13. a5 h6 14. Qd2 Kh7 15. Ra3 Qd7 16. Rb3 Qc8 17. c4 Nd7 18. f4 exf4 19. gxf4 Nc5 20. Bxc5 dxc5 21. e5 Nf5 22. d6 cxd6 23. Rxb7 dxe5 24. Rxf7 Rb8 25. fxe5 Qe6 26. Ra7 Qxe5 27. Nc3 Re7 28. Rxe7 Qxe7 29. Nd5 Qe5 30. Nb6 Qc7 31. Be4 Bd4+ 32. Kh1 Ng3+ 33. Kg2 Nxe4 34. Qf4 Qxf4 35. Rxf4 Nd6 36. b3 Re8 37. Nd5 Kg7 38. Nc7 Re2+ 39. Kf1 Re3 40. b4 Nxc4 41. bxc5 Nd2+ 42. Kg2 Bxc5 43. Nxa6 Re2+ 44. Kh1 Bd6 45. Rd4 Rh2+ 46. Kg1 Nf3+ 47. Kf1 Nxd4 48. h4 h5 49. Ke1 Kf6 50. Kd1 Ke5 51. Nb8 Bxb8 52. a6 Ke4 53. Ke1 Ke3 54. Kf1 Nf3 55. a7 Rf2# 0-1

[Event "November 21 Early 2023"]
[Site "https://www.chess.com"]
[Date "2023.11.21"]
[Round "4"]
[White "Koellner, Ruben Gideon"]
[Black "Xie, Bryan"]
[Result "1-0"]
[Board "135"]
[TimeControl "180+1"]
[WhiteFideId "12993093"]
[BlackFideId "30941296"]
[WhiteElo "2347"]
[BlackElo "2033"]
[WhiteTeam "GER"]
[BlackTeam "USA"]
[WhiteClock "0:01:13"]
[BlackClock "0:00:01"]

1. d4 d5 2. Nf3 Nf6 3. e3 Bf5 4. Nbd2 e6 5. Ne5 Nbd7 6. g4 Be4 7. f3 Bg6 8. h4 Nxe5 9. dxe5 Nd7 10. h5 Nxe5 11. hxg6 Nxg6 12. f4 Bc5 13. Nf3 Qd7 14. Qd3 O-O-O 15. Bd2 Qa4 16. Qb5 Qe4 17. Qxc5 Qxf3 18. Rh3 Qxg4 19. Qxa7 d4 20. Rd1 dxe3 21. Qxe3 Rd6 22. Be2 Qf5 23. Bd3 Qg4 24. Qg3 Qxg3+ 25. Rxg3 Rhd8 26. Ke2 Rd4 27. Rf1 f5 28. Ke3 c5 29. Bc3 R4d7 30. b3 Ne7 31. Bxg7 Nd5+ 32. Kf3 Nb4 33. Be5 Nxd3 34. cxd3 Rxd3+ 35. Kg2 Rd2+ 36. Rf2 Rxf2+ 37. Kxf2 Rd2+ 38. Ke3 Rxa2 39. Kd3 Rh2 40. Kc4 b6 41. Rg7 Kd8 42. Kb5 Rb2 43. Bxb2 1-0